 Dungeon Crawl Stone Soup version 0.29.1-12-g30fa7ad0bf (webtiles) character file.

Game seed: 831811628706441533

326 bnorton916 the Magician (level 6, -5/31 (32) HPs)
             Began as a Deep Elf Fire Elementalist on Dec 26, 2022.
             Was a Follower of Sif Muna.
             Slain by a wight
             ... wielding a +4 morningstar of freezing
              (14 damage)
             ... on level 3 of the Dungeon.
             The game lasted 00:05:13 (5416 turns).

bnorton916 the Magician (DEFE)                      Turns: 5416, Time: 00:05:14

HP:   -5/31 (32)    AC:  6    Str:  7    XL:     6   Next: 24%
MP:   16/16         EV: 16    Int: 28    God:    Sif Muna [*.....]
Gold: 199           SH:  0    Dex: 15    Spells: 10/16 levels left

rFire   . . .      SeeInvis .   (no weapon)
rCold   . . .      Faith    .   (no shield)
rNeg    . . .      Spirit   .   a - +0 robe
rPois   .          Reflect  .   (no helmet)
rElec   .          Harm     .   (no cloak)
rCorr   .          Rampage  .   g - +2 pair of gloves
Will    +....                   c - +0 pair of boots
Stlth   ++........              (no amulet)
HPRegen 0.10/turn               s - +4 ring of evasion
MPRegen 0.15/turn               z - ring of Zin's Reproof {Will+ Str+2 Int+6}

@: lightly drained
A: no striking features
a: Renounce Religion, Channel Magic


You were on level 3 of the Dungeon.
You worshipped Sif Muna.
Sif Muna was aware of your devotion.
You visited 1 branch of the dungeon, and saw 4 of its levels.

You collected 199 gold pieces.

Inventory:

Hand Weapons
 o - a +2 whip of distortion
Missiles
 h - 3 atropa-tipped darts
 p - 6 poisoned darts
Armour
 a - a +0 robe (worn)
 c - a +0 pair of boots (worn)
 g - a +2 pair of gloves (worn)
Jewellery
 f - a ring of fire
 s - a +4 ring of evasion (left hand)
 z - the ring of Zin's Reproof (right hand) {Will+ Str+2 Int+6}
   (You found it on level 4 of the Dungeon)

   [ring of intelligence]

   Str:       It affects your strength (+2).
   Int:       It affects your intelligence (+6).
   Will:      It increases your willpower.
Wands
 x - a wand of roots (5)
Scrolls
 d - 4 scrolls of teleportation {unknown}
 e - a scroll of poison {unknown}
 j - 3 scrolls of noise {unknown}
 l - a scroll of fear {unknown}
 m - 2 scrolls of brand weapon {unknown}
 q - a scroll of identify {unknown}
 r - a scroll of immolation {unknown}
 t - a scroll of amnesia {unknown}
 u - a scroll of silence {unknown}
 w - a scroll of magic mapping {unknown}
 y - a scroll of butterflies {unknown}
Potions
 b - a potion of magic
 i - 3 potions of attraction {unknown}
 k - a potion of degeneration {unknown}
 n - a potion of berserk rage {unknown}
 v - a potion of flight {unknown}


   Skills:
 + Level 0.9 Armour
 - Level 2.4 Dodging
 - Level 2.4 Stealth
 + Level 5.5 Spellcasting
 + Level 3.9 Conjurations
 + Level 5.1 Fire Magic


You had 10 spell levels left.
You knew the following spells:

 Your Spells              Type           Power      Damage    Failure   Level
a - Foxfire               Conj/Fire      100%       2x1d9     1%          1
b - Scorch                Fire           72%        2d9       1%          2
c - Conjure Flame         Conj/Fire      33%        6-21      3%          3

Your spell library contained the following spells:

 Spells                   Type           Power      Damage    Failure   Level
 Inner Flame              Hex/Fire       22%        N/A       7%          3
 Flame Wave               Conj/Fire      33%        2d10      10%         4


Dungeon Overview and Level Annotations

Branches:
Dungeon (4/15)             Temple (0/1) D:4

Altars:
Sif Muna

Annotations:
D:3 1 runed translucent door, Crazy Yiuf


Message History

The hobgoblin throws a stone.
The stone barely misses you.
Casting: Foxfire (safe; 1% risk of failure)
Confirm with . or Enter, or press ? or * to list all spells.
You can't see any susceptible monsters within range! (Use Z to cast anyway.)
The foxfire hits the hobgoblin!
You kill the hobgoblin!
Sif Muna accepts your kill.
Your foxfire dissipates!
Unknown command.
Casting: Foxfire (safe; 1% risk of failure)
Confirm with . or Enter, or press ? or * to list all spells.
Flames lash the wight.
The wight is heavily damaged.
The wight's fire resistance burns away.
The wight misses you. The wight closely misses you.
The wight closely misses you.
The wight hits you with a +4 morningstar of freezing!
The wight freezes you.
There is a stone staircase leading up here.
The wight barely misses you. The wight closely misses you.
You climb upwards.
Level annotation: 1 runed translucent door, Crazy Yiuf
There is a stone staircase leading down, spattered with blood here.
The wight attacks as you move away! The wight closely misses you.
The wight is no longer more vulnerable to fire.
The wight barely misses you. The wight attacks as you move away!
The wight hits you with a +4 morningstar of freezing!
You feel drained. The wight freezes you.
* * * LOW HITPOINT WARNING * * *
The wight attacks as you move away! The wight misses you.
The wight attacks as you move away! The wight misses you.
The wight attacks as you move away! The wight closely misses you.
The wight attacks as you move away! The wight closely misses you.
The wight attacks as you move away! The wight closely misses you.
The wight attacks as you move away! The wight barely misses you.
There is an open door here.
The wight attacks as you move away!
The wight hits you with a +4 morningstar of freezing!
You die...

#......# #.##.## #.....##
#.####.# #.##..#########..#
#.# #.###.###..........#.#
#.# #.......#..........#.#
#.# #####.#.##.........#.#
#.########...##.........#..
#.........z######†#########
##########z######..........
#.....@......##########
#............)...##....
#................##....
#.....^......##..##....
######'###<#.##..###### #.#
#.......# # #.#
#.#.###.###### #.# #.#.#
#....... #.# #.#.##########


You could see 2 wights.

Vanquished Creatures
  A necrophage (D:4)
  A wight (D:3)
  A howler monkey (D:3)
  6 gnolls
  2 adders
  3 worms
  A dart slug (D:1)
  2 orcs (D:3)
  6 ball pythons
  4 endoplasms
  7 giant cockroaches
  13 goblins
  6 hobgoblins
  7 jackals (D:1)
  5 quokkas
  8 bats
  3 frilled lizards
  4 kobolds
  3 rats
83 creatures vanquished.

Vanquished Creatures (collateral kills)
  A foxfire (D:1)
1 creature vanquished.

Vanquished Creatures (others)
  290 foxfires
  3 plants (D:2)
293 creatures vanquished.

Grand Total: 377 creatures vanquished

Notes
Turn   | Place    | Note
-------+----------+-------------------------------------------
     0 | D:1      | bnorton916 the Deep Elf Fire Elementalist began the quest
                  | for the Orb.
     0 | D:1      | Reached XP level 1. HP: 10/10 MP: 6/6
   218 | D:1      | Reached XP level 2. HP: 15/15 MP: 4/8
   732 | D:1      | Reached XP level 3. HP: 19/19 MP: 7/10
  1519 | D:1      | Learned a level 2 spell: Scorch
  1692 | D:2      | Reached XP level 4. HP: 19/24 MP: 7/12
  2451 | D:2      | Found a shimmering blue altar of Sif Muna.
  2463 | D:2      | Became a worshipper of Sif Muna the Loreminder
  3258 | D:2      | Found a faded altar of an unknown god.
  3418 | D:3      | Reached XP level 5. HP: 28/28 MP: 5/14
  4287 | D:3      | Reached skill level 5 in Spellcasting
  4507 | D:3      | Found a runed translucent door.
  4508 | D:3      | Noticed Crazy Yiuf
  4543 | D:3      | Reached * piety under Sif Muna
  4777 | D:4      | Learned a level 3 spell: Conjure Flame
  4899 | D:4      | Found a staircase to the Ecumenical Temple.
  4912 | D:4      | Identified the ring of Zin's Reproof {Will+ Str+2 Int+6}
  4968 | D:4      | Reached skill level 5 in Fire Magic
  4968 | D:4      | Reached XP level 6. HP: 31/32 MP: 10/16
  5416 | D:3      | Slain by a wight

Illustrated notes

Levels and vault maps discovered:
D:1:      dpeg_arrival_morbid_curiosity, layout_basic, minmay_misc_feat_tower,
          dreamdust_mushroom_princess
D:2:      layout_basic, basic_altar, chequers_ecumenical_altar_lobes
D:3:      layout_basic, corexii_hall_statues_i, uniq_crazy_yiuf_cottage
D:4:      layout_rooms, lemuel_round_altar, minmay_temple_entry_steel_oval

Skill      XL: |  1  2  3  4  5 |
---------------+----------------+-----
Conjurations   | 2 3 |  3.9
Spellcasting   | 4 5 |  5.5
Fire Magic     | 4 5 |  5.1
Armour         | |  0.9
Dodging        | |  2.4
Stealth        | |  2.4

Action                   |  1- 3 |  4- 6 || total
-------------------------+-------+-------++-------
 Cast: Foxfire           |    78 |    94 ||   172
       Scorch            |     4 |    18 ||    22
Armor: Robe              |     3 |     3 ||     6
Dodge: Dodged            |    12 |    35 ||    47
